 Dungeon Crawl Stone Soup version 0.29.1-15-g9cfb28693d (webtiles) character file.

Game seed: 18103533854224772969

2160 growler the Destroyer (level 9, -4/51 HPs)
             Began as a Deep Elf Conjurer on Mar 10, 2023.
             Was an Initiate of Vehumet.
             Slain by a hornet (11 damage)
             ... on level 7 of the Dungeon.
             The game lasted 00:23:42 (7544 turns).

growler the Destroyer (Deep Elf Conjurer)           Turns: 7544, Time: 00:23:44

Health: -4/51      AC:  2    Str:  4    XL:     9   Next: 10%
Magic:  13/21      EV: 16    Int: 28    God:    Vehumet [......]
Gold:   350        SH:  0    Dex: 13    Spells: 8/22 levels left

rFire   . . .      SeeInvis +   r - +2 whip (elec)
rCold   . . .      Faith    .   (no shield)
rNeg    . . .      Spirit   .   a - +0 robe
rPois   .          Reflect  .   (no helmet)
rElec   .          Harm     .   (no cloak)
rCorr   .          Rampage  .   (no gloves)
Will    .....                   (no boots)
Stlth   ++........              (no amulet)
HPRegen 0.17/turn               y - +4 ring of evasion
MPRegen 0.17/turn               e - ring of see invisible

@: slowed, very slow
A: no striking features
a: Renounce Religion


You were on level 7 of the Dungeon.
You worshipped Vehumet.
Vehumet was noncommittal.
You visited 1 branch of the dungeon, and saw 7 of its levels.

You collected 350 gold pieces.

Inventory:

Hand Weapons
 k - a +0 dagger
 p - a +0 dagger of venom
 r - a +2 whip of electrocution (weapon)
Armour
 a - a +0 robe (worn)
Jewellery
 e - a ring of see invisible (right hand)
 y - a +4 ring of evasion (left hand)
 C - a ring of protection from fire
 I - an amulet of magic regeneration
Wands
 B - a wand of digging (5)
 D - a wand of flame (16)
 E - a wand of acid (5)
 H - a wand of iceblast (6)
Scrolls
 c - 2 scrolls of blinking
 d - a scroll of teleportation
 f - a scroll of acquirement {unknown}
 g - a scroll of immolation {unknown}
 i - 3 scrolls of butterflies
 j - a scroll of poison
 l - a scroll of enchant armour {unknown}
 n - a scroll of enchant weapon
 o - a scroll of vulnerability {unknown}
 s - 3 scrolls of magic mapping
 w - 2 scrolls of fear
 x - a scroll of silence {unknown}
 G - a scroll of noise {unknown}
Potions
 b - 3 potions of magic
 h - 2 potions of brilliance
 m - 4 potions of degeneration
 q - 2 potions of attraction
 v - a potion of haste
 z - 2 potions of flight
 A - a potion of cancellation {unknown}
 F - a potion of heal wounds {unknown}


   Skills:
 + Level 3.4 Fighting
 - Level 2.4 Dodging
 - Level 2.4 Stealth
 - Level 7.0 Spellcasting
 + Level 11.1 Conjurations
 - Level 5.0 Hexes


You had 8 spell levels left.
You knew the following spells:

 Your Spells              Type           Power      Damage    Failure   Level
a - Magic Dart            Conj           100%       1d8       1%          1
b - Searing Ray           Conj           100%       2d8       1%          2
c - Dazzling Flash        Conj/Hex       100%       N/A       1%          3
d - Fulminant Prism       Conj/Hex       26%        3d14      1%          4
e - Iskenderun's Mystic   Conj/Tloc      40%        2d9       5%          4

Your spell library contained the following spells:

 Spells                   Type           Power      Damage    Failure   Level
 Ensorcelled Hibernation  Hex/Ice        46%        N/A       3%          2
 Passwall                 Tmut/Erth      7%         N/A       9%          2
 Swiftness                Air            9%         N/A       16%         3
 Petrify                  Tmut/Erth      9%         N/A       47%         4
 Blade Hands              Tmut           4%         N/A       83%         5
 Summon Cactus Giant      Summ           4%         N/A       100%        6


Dungeon Overview and Level Annotations

Branches:
Dungeon (7/15)             Temple (0/1) D:7

Altars:
Ashenzari
Elyvilon
Kikubaaqudgha
Makhleb
Vehumet
Wu Jian
Xom
Zin

Shops:
D:4 [   D:6 !

Annotations:
D:4 2 runed translucent doors, kingofthe's ghost, novice DECj


Message History

The hornet is lightly wounded.
The hornet stings you!
You feel yourself slow down. The hornet completely misses you.
Your fulminant prism explodes!
The blast of energy engulfs the hornet.
The hornet is moderately wounded.
You hear a shout!
Casting: Magic Dart (safe; 1% risk of failure)
Confirm with . or Enter, or press ? or * to list all spells.
Aiming: Searing Ray (safe; 1% risk of failure)
Press: ? - help, Shift-Dir - straight line, f/p - hornet
Aim: a hornet (moderately wounded, 74% to hit)
The searing ray hits the hornet.
The hornet is heavily wounded. (Press . to maintain the ray.)
You feel yourself speed up. The hornet stings you!
You feel yourself slow down. The hornet stings you.
You feel as though you will be slow longer.
The searing ray hits the hornet.
The hornet is heavily wounded.
The hornet misses you. The hornet stings you!
You are poisoned.
You feel as though you will be slow longer.
The searing ray hits the hornet.
The hornet is severely wounded.
You feel very sick. The hornet misses you. The hornet completely misses you.
You feel better. The hornet stings you.
You feel as though you will be slow longer.
The hornet stings you!
* * * LOW HITPOINT WARNING * * *
You feel as though you will be slow longer.
The hornet closely misses you.
Aiming: Iceblast
Press: ? - help, Shift-Dir - straight line, p - hornet The mass of ice explodes!
The iceblast engulfs the hornet!
The hornet is almost dead.
You hear a shout!
The hornet stings you!
You die...

,*****,*,***,*,**,**,*
,*,,,*,*,,<*,*,**.#*,*
,,,,,,,**###.*,**.#*,*
,,,,,,,,,....#.**.#*,*
*,,,******#....*,..,,*
***,****,,+....*,.##** *
*,,,.#.##....*,..#
******...#.....##..#
,*,**###........@..#####*****
,,,,,,........#.y.......,,,,*
,*,***##.#.......#######***,*
**** *....>....#.......,* *,*
* *,##......###..###,***,*
*,,+......[.#..#,,,,,,,*
***#....#.#.#,...,******
#....+.#.#,....,*
#....###.#**#.#,*


You could see a hornet.

Vanquished Creatures
  A steam dragon (D:6)
  An orc warrior (D:6)
  2 ice beasts (D:6)
  2 black bears
  A centaur (D:5)
  4 phantoms
  3 bullfrogs (D:6)
  3 necrophages
  A scorpion (D:6)
  A water moccasin zombie (D:5)
  2 wights (D:5)
  A howler monkey (D:7)
  A centaur zombie (D:5)
  A bullfrog zombie (D:5)
  A human zombie (D:5)
  2 hounds
  A jelly (D:5)
  2 gnoll boudas
  An orc wizard (D:6)
  A scorpion zombie (D:5)
  A hound zombie (D:5)
  9 gnolls
  7 adders
  A white imp (D:5)
  An ufetubus (D:3)
  4 worms
  3 dart slugs
  9 orcs
  8 endoplasms
  2 giant cockroaches
  10 goblins
  3 hobgoblins
  11 jackals
  3 quokkas
  4 ball pythons
  6 bats
  A frilled lizard (D:1)
  9 kobolds
  9 rats
133 creatures vanquished.

Vanquished Creatures (others)
  10 fulminant prisms
10 creatures vanquished.

Grand Total: 143 creatures vanquished

Notes
Turn   | Place    | Note
-------+----------+-------------------------------------------
     0 | D:1      | growler the Deep Elf Conjurer began the quest for the Orb.
     0 | D:1      | Reached XP level 1. HP: 10/10 MP: 6/6
    79 | D:1      | Found a faded altar of an unknown god.
   213 | D:1      | Reached XP level 2. HP: 15/15 MP: 3/8
   765 | D:1      | Learned a level 2 spell: Searing Ray
  1053 | D:1      | Reached skill level 5 in Conjurations
  1053 | D:1      | Reached XP level 3. HP: 19/19 MP: 8/10
  1107 | D:2      | Learned a level 3 spell: Dazzling Flash
  1575 | D:2      | Reached XP level 4. HP: 24/24 MP: 4/12
  1953 | D:2      | Reached skill level 5 in Spellcasting
  2078 | D:2      | Reached skill level 6 in Conjurations
  2132 | D:2      | Reached XP level 5. HP: 28/28 MP: 10/14
  2752 | D:3      | Noticed a phantom
  2761 | D:3      | Killed a phantom
  3459 | D:4      | Found Viewiexo's Armour Boutique.
  3666 | D:4      | Found a large runed translucent door.
  3666 | D:4      | Found a large runed translucent door.
  3669 | D:4      | Noticed kingofthe's ghost (novice DECj)
  3702 | D:4      | Reached XP level 6. HP: 32/32 MP: 14/17
  3727 | D:4      | Learned a level 4 spell: Fulminant Prism
  3732 | D:4      | Learned a level 4 spell: Iskenderun's Mystic Blast
  3755 | D:4      | Found a burning altar of Makhleb.
  3757 | D:4      | Found a white marble altar of Elyvilon.
  4301 | D:5      | Entered Level 5 of the Dungeon
  4343 | D:5      | Reached skill level 7 in Conjurations
  4756 | D:5      | Reached XP level 7. HP: 36/36 MP: 8/19
  4920 | D:5      | Reached skill level 8 in Conjurations
  5342 | D:5      | Reached skill level 9 in Conjurations
  5782 | D:5      | Reached XP level 8. HP: 35/41 MP: 9/20
  5891 | D:5      | Reached skill level 10 in Conjurations
  5943 | D:5      | Reached skill level 1 in Hexes
  6062 | D:5      | Reached skill level 1 in Fighting
  6099 | D:5      | Found an ancient bone altar of Kikubaaqudgha.
  6243 | D:6      | Found Apec's Distillery.
  6430 | D:6      | Found a radiant altar of Vehumet.
  6436 | D:6      | Became a worshipper of Vehumet
  6627 | D:6      | Found a broken altar of Ashenzari.
  6986 | D:6      | Got the Guide on Assistive Transmutation
  7004 | D:6      | Found a glowing silver altar of Zin.
  7040 | D:6      | Found an ornate altar of the Wu Jian Council.
  7063 | D:6      | Found a shimmering altar of Xom.
  7063 | D:6      | Noticed an angel
  7181 | D:6      | Reached skill level 5 in Hexes
  7181 | D:6      | Reached XP level 9. HP: 50/50 MP: 16/21
  7231 | D:6      | Reached skill level 11 in Conjurations
  7544 | D:7      | Slain by a hornet

Illustrated notes

Levels and vault maps discovered:
D:1:      minmay_arrival_stair_chambers, layout_basic,
          shapermc_ecumenical_altar_mp_vishouse
D:2:      layout_basic, minmay_misc_feat_hallway, st_stairs_5,
          minmay_pentomino_u2
D:3:      layout_basic
D:4:      layout_basic, nicolae_overflow_squiral, ebering_ghost_disaster_area,
          serial_shops, nicolae_shop_advertising_works
          [nicolae_subvault_shop_adworks]
D:5:      layout_loops_ring, lemuel_mausoleum_altar_kikubaaqudgha,
          nicolae_figureground_sparkle
D:6:      layout_loops_cross, nicolae_ashenzari_skybound, lemuel_round_altar,
          nzn_wu_jian_council_hall, grunt_temple_overflow_order_and_chaos_1,
          serial_shops, nicolae_shop_crystal, minmay_tree_intersection
D:7:      minmay_spotlight, layout_basic, minmay_temple_entry_mist,
          grunt_decor_one_mirror, uniq_maggie

Skill      XL: |  1  2  3  4  5  6  7  8  9 |
---------------+----------------------------+-----
Spellcasting   | 4 5 6 7 |  7.0
Conjurations   | 5 6 7 9 10 11 | 11.1
Hexes          | 5 |  5.0
Fighting       | 3 |  3.4
Dodging        | |  2.4
Stealth        | |  2.4

Action                   |  1- 3 |  4- 6 |  7- 9 || total
-------------------------+-------+-------+-------++-------
Melee: Dagger            |       |     3 |       ||     3
       Whip              |       |    11 |       ||    11
 Cast: Magic Dart        |    82 |   114 |    86 ||   282
       Searing Ray       |     1 |     3 |    23 ||    27
       Fulminant Prism   |       |       |    10 ||    10
Evoke: Wand              |       |       |     1 ||     1
  Use: Scroll            |       |       |    13 ||    13
       Potion            |       |       |     1 ||     1
 Stab: Sleeping          |       |     1 |       ||     1
Armor: Robe              |     1 |     4 |     7 ||    12
Dodge: Dodged            |     7 |    19 |    53 ||    79
